 Dungeon Crawl Stone Soup version 0.29-a0-1016-g236c7fd91e (webtiles) character file.

Game seed: 17085724188267085611

2446 leavemydog the Thaumaturge (level 9, -2/45 HPs)
             Began as a Deep Elf Conjurer on Aug 9, 2022.
             Was a Follower of Vehumet.
             Slain by a yak (16 damage)
             ... on level 8 of the Dungeon.
             The game lasted 00:15:49 (8920 turns).

leavemydog the Thaumaturge (Deep Elf Conjurer)      Turns: 8920, Time: 00:15:52

Health: -2/45      AC:  3    Str:  4    XL:     9   Next: 25%
Magic:  38/42      EV: 12    Int: 28    God:    Vehumet [*.....]
Gold:   1177       SH:  0    Dex: 13    Spells: 13/27 levels left

rFire   . . .      SeeInvis .   j - staff of conjuration
rCold   . . .      Faith    .   (no shield)
rNeg    . . .      Spirit   .   a - +0 robe
rPois   .          Reflect  .   E - +0 helmet
rElec   .          Harm     .   (no cloak)
rCorr   .          Rampage  .   (no gloves)
Will    .....                   (no boots)
Stlth   ++........              o - amulet of magic regeneration
HPRegen 0.15/turn               n - ring of magical power
MPRegen 0.68/turn               G - ring of magical power

@: no status effects
A: no striking features
a: Renounce Religion


You were on level 8 of the Dungeon.
You worshipped Vehumet.
Vehumet was aware of your devotion.
You visited 2 branches of the dungeon, and saw 9 of its levels.

You collected 1490 gold pieces.
You spent 313 gold pieces at shops.

Inventory:

Hand Weapons
 d - a +5 quick blade
Missiles
 u - a throwing net
Armour
 a - a +0 robe (worn)
 E - a +0 helmet (worn)
Magical Staves
 j - a staff of conjuration (weapon)
Jewellery
 e - a ring of ice
 n - a ring of magical power (left hand)
 o - an amulet of magic regeneration (around neck)
 x - a ring of positive energy
 z - a ring of fire
 G - a ring of magical power (right hand)
Scrolls
 i - a scroll of enchant armour {unknown}
 k - 3 scrolls of poison
 p - 3 scrolls of vulnerability
 r - a scroll of magic mapping {unknown}
 s - 8 scrolls of teleportation
 t - a scroll of butterflies {unknown}
 v - a scroll of summoning {unknown}
 y - a scroll of brand weapon {unknown}
 A - 2 scrolls of fear
 C - a scroll of torment {unknown}
 F - 2 scrolls of blinking
 H - a scroll of identify
Potions
 b - a potion of magic
 c - 3 potions of haste
 f - a potion of attraction {unknown}
 g - 4 potions of curing
 h - a potion of might {unknown}
 l - a potion of mutation {unknown}
 m - a potion of cancellation {unknown}
 q - a potion of brilliance {unknown}
 w - 3 potions of invisibility
 B - 2 potions of ambrosia
 D - 2 potions of heal wounds


   Skills:
 - Level 0.1 Fighting
 - Level 2.4 Dodging
 - Level 2.4 Stealth
 + Level 9.8 Spellcasting
 + Level 9.5 Conjurations
 + Level 5.5 Hexes
 + Level 5.5 Translocations


You had 13 spell levels left.
You knew the following spells:

 Your Spells              Type           Power      Damage    Failure   Level
a - Magic Dart            Conj           100%       1d8       1%          1
b - Searing Ray           Conj           100%       2d8       1%          2
c - Iskenderun's Mystic   Conj/Tloc      71%        2d14      1%          4
d - Fulminant Prism       Conj/Hex       35%        3d18      1%          4
e - Dazzling Flash        Conj/Hex       100%       N/A       1%          3

Your spell library contained the following spells:

 Spells                   Type           Power      Damage    Failure   Level
 Freeze                   Ice            52%        1d7       4%          1
 Slow                     Hex            100%       N/A       1%          1
 Static Discharge         Conj/Air       57%        3-11/arc  1%          2
 Confusing Touch          Hex            44%        N/A       1%          3
 Sticky Flame             Conj/Fire      57%        2d7       6%          4
 Vampiric Draining        Necr           13%        2d6       12%         3
 Dispel Undead            Necr           13%        3d9       38%         4


Dungeon Overview and Level Annotations

Branches:
Dungeon (8/15)             Temple (1/1) D:4
   Lair: D:8-11

Altars:
Cheibriados
Dithmenos
Elyvilon
Fedhas
Gozag
Kikubaaqudgha
Makhleb
Nemelex Xobeh
Okawaru
Ru
Sif Muna
Trog
Uskayaw
Vehumet
Wu Jian
Xom
Zin
The Shining One

Shops:
D:4 ?[   D:5 (

Portals:
Abyss: D:3

Annotations:
D:3 2 transporters, t4s4d4r's ghost, weakling OpEE
D:5 2 transporters, 2 runed translucent doors


Message History

Things that are here:
a +3 long sword; a +0 robe
Things that are here:
a +0 trident; a +0 robe You hear the quick creaking of a very distant portcullis.
Things that are here:
a +4 scimitar of freezing; a +0 robe
There is an open door here.
A yak comes into view.
You see here a potion of haste.
c - 3 potions of haste (gained 1)
The yak bellows!
You hear a shout!
You feel a surge of power!
The magic dart hits the yak but does no damage.
Casting: Magic Dart (safe; 1% risk of failure)
Confirm with . or Enter, or press ? or * to list all spells.
Aiming: Searing Ray (safe; 1% risk of failure)
Press: ? - help, Shift-Dir - straight line, f/p - yak
Aim: a yak (90% to hit)
You feel a surge of power!
The searing ray hits the yak!
The yak is moderately wounded. (Press . to maintain the ray.)
The searing ray hits the yak.
The yak is heavily wounded.
The yak gores you!
The searing ray misses the yak.
The yak closely misses you.
The searing ray hits the yak!
The yak is severely wounded.
You finish channelling your searing ray.
The yak gores you!
Casting: Searing Ray (safe; 1% risk of failure)
Confirm with . or Enter, or press ? or * to list all spells.
Aiming: Searing Ray (safe; 1% risk of failure)
Press: ? - help, Shift-Dir - straight line, f/p - yak
Aim: a yak (severely wounded, 90% to hit)
You feel a surge of power!
The searing ray hits the yak!
The yak is almost dead. (Press . to maintain the ray.)
The yak gores you!
You die...

# .+ ##### ########.#
....########........#
...........'........#
###.####.###...#@####
....# #.# #...#Y#
##### #.# #...#.# #.#
#...#.. ###### #.#
#...#.. ...... #..
#...#... ...... ##.
#...#... ...... .
#.... ......


You could see a yak.

Vanquished Creatures
  A two-headed ogre (D:8)
  Pikel (D:5)
  A centaur (D:8)
  3 lemures (D:5)
  3 bullfrogs (D:7)
  A necrophage (D:6)
  3 scorpions
  6 wights
  A hound (D:4)
  An orc priest (D:4)
  Jessica (D:2)
  A gnoll bouda (D:7)
  Natasha (thrice) (D:2)
  6 orc wizards
  8 gnolls
  8 adders
  A white imp (D:5)
  4 dart slugs
  15 orcs
  11 endoplasms
  4 giant cockroaches
  10 goblins
  9 hobgoblins
  6 quokkas
  4 ball pythons
  9 bats
  4 frilled lizards (D:1)
  7 kobolds
  4 rats (D:2)
136 creatures vanquished.

Vanquished Creatures (others)
  4 fulminant prisms
4 creatures vanquished.

Grand Total: 140 creatures vanquished

Notes
Turn   | Place    | Note
-------+----------+-------------------------------------------
     0 | D:1      | leavemydog the Deep Elf Conjurer began the quest for the
                  | Orb.
     0 | D:1      | Reached XP level 1. HP: 10/10 MP: 6/6
   252 | D:1      | Reached XP level 2. HP: 15/15 MP: 4/8
   255 | D:1      | Learned a level 2 spell: Searing Ray
   348 | D:1      | Reached skill level 5 in Conjurations
   837 | D:1      | Found a faded altar of an unknown god.
   841 | D:1      | Reached XP level 3. HP: 19/19 MP: 5/9
  1063 | D:2      | Noticed Natasha
  1067 | D:2      | Killed Natasha
  1167 | D:2      | Noticed Natasha
  1172 | D:2      | Killed Natasha
  1173 | D:2      | Reached skill level 1 in Translocations
  1173 | D:2      | Reached XP level 4. HP: 2/24 MP: 5/11
  1449 | D:2      | Learned a level 4 spell: Iskenderun's Mystic Blast
  1473 | D:2      | Noticed Natasha
  1478 | D:2      | Killed Natasha
  1848 | D:2      | Noticed Jessica
  1851 | D:2      | Killed Jessica
  1852 | D:2      | Reached XP level 5. HP: 28/28 MP: 13/13
  2296 | D:2      | Identified a scroll of acquirement
  2297 | D:2      | Acquired a +5 quick blade
  2406 | D:3      | Found a one-way gate to the infinite horrors of the Abyss.
  2406 | D:3      | Noticed t4s4d4r's ghost (weakling OpEE)
  2414 | D:3      | Noticed a toenail golem
  2442 | D:3      | Found a transporter.
  2455 | D:3      | Found a transporter.
  2779 | D:3      | Reached skill level 5 in Spellcasting
  3135 | D:3      | Found a glowing silver altar of Zin.
  3136 | D:3      | Noticed an angel
  3184 | D:3      | Found a bloodstained altar of Trog.
  3615 | D:4      | Reached XP level 6. HP: 32/32 MP: 15/15
  3620 | D:4      | Learned a level 4 spell: Fulminant Prism
  3668 | D:4      | HP: 1/32 [something/magic dart (6)]
  3949 | D:4      | Reached skill level 1 in Hexes
  4063 | D:4      | Found a staircase to the Ecumenical Temple.
  4091 | Temple   | Entered the Ecumenical Temple
  4130 | Temple   | Became a worshipper of Vehumet
  4213 | D:4      | Found Fouf Huovamo's Magic Scroll Shop.
  4218 | D:4      | Bought a scroll of identify for 22 gold pieces
  4679 | D:4      | Found Bofazog's Armour Shoppe.
  4756 | D:5      | Entered Level 5 of the Dungeon
  4830 | D:5      | Reached XP level 7. HP: 33/36 MP: 18/18
  4877 | D:5      | Acquired 1108 gold pieces
  5095 | D:5      | Found Nahot's Weapon Shop.
  5825 | D:5      | Found a transporter.
  5915 | D:5      | Found a transporter.
  6245 | D:5      | Noticed Pikel
  6258 | D:5      | Killed Pikel
  6259 | D:5      | Reached XP level 8. HP: 32/41 MP: 8/21
  6539 | D:5      | Found a large runed translucent door.
  6540 | D:5      | Found a large runed translucent door.
  7429 | D:4      | Bought 3 scrolls of teleportation for 99 gold pieces
  7429 | D:4      | Bought a scroll of fear for 44 gold pieces
  7429 | D:4      | Bought a scroll of teleportation for 33 gold pieces
  7429 | D:4      | Bought a scroll of teleportation for 33 gold pieces
  7429 | D:4      | Bought a scroll of blinking for 82 gold pieces
  7585 | D:6      | Found a hide-covered altar of Uskayaw.
  7585 | D:6      | Found an ancient bone altar of Kikubaaqudgha.
  7586 | D:6      | Found an iron altar of Okawaru.
  7970 | D:7      | Reached * piety under Vehumet
  7970 | D:7      | Offered knowledge of Freeze by Vehumet.
  8376 | D:8      | Noticed a two-headed ogre
  8385 | D:8      | Reached skill level 5 in Translocations
  8386 | D:8      | Killed a two-headed ogre
  8387 | D:8      | Reached skill level 5 in Hexes
  8387 | D:8      | Reached XP level 9. HP: 6/45 MP: 24/24
  8647 | D:8      | Learned a level 3 spell: Dazzling Flash
  8920 | D:8      | Slain by a yak

Illustrated notes

Levels and vault maps discovered:
D:1:      minmay_arrival_open_corners, layout_rooms,
          ebering_ecumenical_altar_petrified, nrook_campfire
D:2:      layout_basic, uniq_jessica, uniq_natasha
D:3:      layout_loops_ring, zin_angel, trog_hazing_becter,
          gammafunk_ghost_abyssal_escape, chequers_avenue
D:4:      layout_loops_corners, minmay_temple_entry_mini_moons, serial_shops,
          nicolae_shop_trees, kennysheep_mini_moat, roderic_batcave,
          hangedman_abyss_or_decor_jellyfish_corner
D:5:      gammafunk_wand_slinger, layout_basic, jmf_multi_god_temple2,
          serial_shops, shop, uniq_pikel
D:6:      layout_rooms, gammafunk_temple_overflow_claw, dreamdust_wishing_well
D:7:      layout_cave_pools, minivault_19
D:8:      layout_basic, mainiacjoe_overflow_six_doors_small, enter_bailey_5,
          minmay_fractal_squares_5
Temple:   nicolae_temple_god_jail

Skill      XL: |  1  2  3  4  5  6  7  8 |
---------------+-------------------------+-----
Conjurations   | 5 6 7 8 9 |  9.5
Translocations | 1 2 3 4 5 |  5.5
Spellcasting   | 4 5 6 7 9 |  9.8
Hexes          | 1 3 5 |  5.5
Fighting       | |  0.1
Dodging        | |  2.4
Stealth        | |  2.4

Action                   |  1- 3 |  4- 6 |  7- 9 || total
-------------------------+-------+-------+-------++-------
Melee: Staff             |       |     4 |     1 ||     5
 Cast: Magic Dart        |    61 |   144 |    82 ||   287
       Searing Ray       |       |     7 |    20 ||    27
       Iskenderun's Myst |       |       |     2 ||     2
       Fulminant Prism   |       |       |     4 ||     4
  Use: Scroll            |       |     7 |     3 ||    10
       Potion            |       |     1 |     1 ||     2
Armor: Robe              |       |     5 |     5 ||    10
Dodge: Dodged            |       |    12 |    18 ||    30

Table legend: (Time is in decaauts)
 A = Elapsed time spent in this place.
 B = Non-inter-level travel time spent in this place.
 C = Inter-level travel time spent in this place.
 D = Time resting spent in this place.
 E = Time spent auto-exploring this place.
 F = Levels seen in this place.
 G = Mean time per level.
                   A        B        C        D        E       F      G
               +--------+--------+--------+--------+--------+-----+--------+
         Total |   8921 |   8536 |    385 |   2741 |   4980 |   9 |  991.2 |
       Dungeon |   8862 |   8491 |    371 |   2741 |   4950 |   8 | 1107.8 |
        Temple |     58 |     44 |     14 |      0 |     30 |   1 |   58.0 |
               +--------+--------+--------+--------+--------+-----+--------+

Top non-repeatable levels by time:
     D:5: 2457 daAuts
     D:4: 1417 daAuts
     D:2: 1366 daAuts
     D:3: 1038 daAuts
     D:1: 967 daAuts
     D:7: 773 daAuts
     D:6: 552 daAuts
     D:8: 290 daAuts
  Temple: 58 daAuts
